[Event "Early-Titled-Tuesday-Blitz-January-30-2024"]
[Site "Chess.com"]
[Date "2024.01.30"]
[Round "8"]
[White "MBA_CHESS_2021"]
[Black "MFatigue"]
[Result "0-1"]
[WhiteElo "2251"]
[BlackElo "2465"]
[TimeControl "180+1"]
[EndTime "9:32:33 PST"]
[Termination "MFatigue won by checkmate"]

1. e4 e6 2. c4 d5 3. cxd5 exd5 4. exd5 Nf6 5. Nc3 Nxd5 6. d4 Bb4 7. Bd2 O-O 8. Be2 Nc6 9. Nf3 Bg4 10. O-O Ba5 11.
h3 Bh5 12. Qb3 Nxc3 13. bxc3 Bb6 14. a4 Na5 15. Qb2 c5 16. Be3 cxd4 17. cxd4 Rc8 18.
Rfc1 Qd5 19. Qb5 Bxf3 20. Bxf3 Qxb5 21. axb5 Rxc1+ 22. Rxc1 Rd8 23. Rd1 Kf8 24. Kf1 Ke7 25.
Ke2 Nb3 26. d5 Kd6 27. Rd3 Bxe3 28. Rxb3 Bb6 29. Rc3 Re8+ 30. Kf1 h6 31. g3 Bc5 32. Kg2 a5 33. bxa6 bxa6 34. Rb3 a5 35. Rb5 a4 36. Ra5 a3 37. Ra6+ Ke5 38. Ra5 Kd4 39. d6 Rd8 40. Ra4+ Kc3 41. Ra5 Kb4 42. Ra6 Bxd6 43. Bd5 Bxg3 44. Bxf7 Be5 45. Kf3 Rf8 46. Ra7 a2 47. Rxa2 Rxf7+ 48. Ke4 Bf6 49. f4 Bc3 50. Ra6 Kc5 51. Ra8 Kd6 52. Ra6+ Ke7 53. h4 Kf8 54. h5 Bf6 55. Kf5 Re7 56. Kg6 Re8 57.
Ra7 Kg8 58. f5 Rf8 59. Rb7 Re8 60. Ra7 Kf8 61. Rf7+ Kg8 62. Rb7 Rc8 63. Ra7 Kf8 64. Rf7+ Ke8 65. Ra7 Rc4 66. Ra8+ Ke7 67. Ra7+ Kd6 68.
Ra6+ Ke5 69. Re6+ Kf4 70. Ra6 Kg4 71. Ra5 Rf4 72. Rb5 Kh4 73. Rb1 Rg4+ 74. Kf7 Rg5 75. Rf1 Kxh5 76. Ke6 Kg4 77. Rg1+ Kf4 78. Rf1+ Kg4 79.
Rg1+ Kf3 80. Rf1+ Kg2 81. Rd1 h5 82. Rd4 Rg4 83. Rd2+ Kh3 84. Rd3+ Rg3 85. Rd1 h4 86. Rh1+ Kg4 87. Kd5 h3 88. Ke4 Rg2 89. Rd1 h2 90.
Ke3 Kg3 91. Rd3 h1=Q 92. Ke4+ Kg4 93. Kd5 Qe1 94. Kc5 Qe5+ 95. Kc4 Rc2+ 96. Kb3 Qb2+ 97.
Ka4 Rc4+ 98. Ka5 Qb4+ 99. Ka6 Rc6+ 100. Ka7 Qb6+ 101. Ka8 Rc8# 0-1

[Event "Early-Titled-Tuesday-Blitz-January-30-2024"]
[Site "Chess.com"]
[Date "2024.01.30"]
[Round "8"]
[White "GianmarcoVaR"]
[Black "santosalberto1987"]
[Result "1-0"]
[WhiteElo "2710"]
[BlackElo "2534"]
[TimeControl "180+1"]
[EndTime "9:32:44 PST"]
[Termination "GianmarcoVaR won on time"]

1. d4 Nf6 2. Nf3 d6 3. g3 g6 4. Bg2 Bg7 5. O-O O-O 6. c4 Nc6 7. Nc3 a6 8. d5 Na5 9. b3 c5 10.
dxc6 Ne4 11. Nxe4 Bxa1 12. Bh6 Bg7 13. Bxg7 Kxg7 14. cxb7 Bxb7 15. Nc3 Nc6 16. Nd4 Qd7 17. Nd5 Rab8 18. Qa1 Kg8 19. Nc2 a5 20. Nce3 Nb4 21.
Be4 Nxd5 22. cxd5 Rfc8 23. h4 Qc7 24. Nc4 Ba6 25. Bd3 Bxc4 26. bxc4 Qb6 27. Rb1 Qc5 28. h5 Rxb1+ 29. Qxb1 Kg7 30. Qb2+ f6 31. Qb1 f5 32. Qb2+ Kf7 33. h6 Rg8 34. Kg2 Qb4 35. Qd4 Qc5 36. Qf4 Rb8 37. Qc1 Qd4 38. Qa3 Rb2 39.
Qxa5 f4 40. Qd8 fxg3 41. Kxg3 Qe5+ 42. Kg2 Qg5+ 43. Kf3 Qxh6 44. Qd7 Qh5+ 45. Kg3 Qg5+ 46. Kf3 Qf6+ 47. Kg3 Qe5+ 48. Kg2 Qg5+ 49. Kf3 Qf6+ 50. Ke3 Qe5+ 51. Kf3 Rxa2 52. Kg2 Qg5+ 53. Kf3 Rb2 54.
Qe6+ Kg7 55. c5 Qf6+ 56. Qxf6+ Kxf6 57. c6 Rb8 58. Ba6 e6 59. c7 Ra8 60. c8=Q Rxc8 61.
Bxc8 exd5 62. Ke3 Kg5 63. Kd4 h5 64. Kxd5 Kf4 65. Kxd6 g5 66. Kd5 g4 67. e4 Kf3 68.
e5 Kxf2 69. e6 g3 70. e7 g2 71. e8=Q g1=Q 72. Qxh5 Qg2+ 73. Kd6 Qg3+ 74. Ke7 Qe3+ 75.
Be6 Qf3 76. Qh2+ Qg2 77. Qf4+ Qf3 78. Qd2+ Qe2 79. Qg5 Qf3 80. Qh4+ Qg3 81. Qd4+ Qe3 82. Qb2+ Qe2 83. Qb1 Qe1 84. Qf5+ Ke3 85. Qe5+ Kf2 86.
Qf4+ Kg1 87. Qg4+ Kf2 88. Kf6 Qe3 89. Bf5 Qf3 90. Qh4+ Qg3 91. Qd4+ Qe3 92. Qb2+ Qe2 93.
Qb6+ Qe3 94. Qc6 Qf3 95. Qc2+ Qe2 96. Qc5+ Qe3 97. Qc4 Qe2 98. Bd3 Qf3+ 99. Ke5 Qe3+ 100. Be4 1-0

[Event "Early-Titled-Tuesday-Blitz-January-30-2024"]
[Site "Chess.com"]
[Date "2024.01.30"]
[Round "8"]
[White "bilosuvenosu06"]
[Black "IMRosen"]
[Result "1-0"]
[WhiteElo "2554"]
[BlackElo "2707"]
[TimeControl "180+1"]
[EndTime "9:34:07 PST"]
[Termination "bilosuvenosu06 won by checkmate"]

1. d4 d5 2. Nf3 Nf6 3. Bf4 c5 4.
e3 Nc6 5. c3 Qb6 6. Qb3 c4 7. Qxb6 axb6 8. Nbd2 Bf5 9. Be2 b5 10.
a3 e6 11. O-O h6 12. Ne5 Nd7 13. Nxd7 Kxd7 14. f3 g5 15. Bg3 Bg6 16. e4 f5 17.
exd5 exd5 18. f4 g4 19. Rae1 Be7 20. Bd1 h5 21. Bf2 Bf6 22. Bc2 Ne7 23. Re2 Nc8 24.
Rfe1 Nd6 25. g3 Rhf8 26. Kg2 Rf7 27. Kg1 Rh8 28. Kg2 Bd8 29. Nf1 Ne4 30. Bxe4 fxe4 31. Be3 h4 32. Kg1 Bf5 33. Rg2 Rfh7 34. Kf2 hxg3+ 35.
hxg3 Kc6 36. Nd2 Rh3 37. Reg1 Be7 38. Ke2 Kb6 39. Kf2 Ka5 40. Rb1 Bf6 41. Rbg1 Ka4 42. Rb1 Be7 43. Ra1 Ka5 44. Rag1 Bd6 45. Re1 R8h7 46. Reg1 Kb6 47. Re1 Kc6 48. Reg1 Bc7 49.
Re1 Bd8 50. Reg1 Bf6 51. Re1 Rh8 52. Reg1 R3h5 53. Re1 Rg8 54. Reg1 Kb6 55. Re1 Rg7 56. Reg1 Rgh7 57. Re1 Ka6 58. Reg1 Bd7 59. Re1 Kb6 60. Reg1 Kc6 61. Re1 Kd6 62. Reg1 Rh8 63. Re1 Ra8 64. Ra1 Ke6 65. Rag1 Be7 66. Nb1 Kd6 67. Re1 Kc6 68. Reg1 Kb6 69. Re1 Ka5 70. Reg1 Ka4 71. Nd2 Rh6 72.
Ra1 Ka5 73. Rgg1 Kb6 74. Rg2 b4 75. cxb4 Bxb4 76. Rc1 Bd6 77. Nb1 Bc6 78. Nc3 Kc7 79. Na2 Ba4 80. Bd2 Bb3 81. Nb4 Ra5 82. Nd3 Rb5 83. Nb4 Kd7 84. Ke3 Ra5 85. Nd3 Rb5 86.
Nb4 Rh3 87. Rcg1 Ke6 88. Kf2 Ra5 89. Ke3 Ra8 90. Kf2 Rf8 91. Ke2 Rfh8 92. Kf2 Rh2 93. Rxh2 Rxh2+ 94. Rg2 Rh1 95. Rg1 Rh3 96. Kg2 Kf5 97.
Rh1 Rxh1 98. Kxh1 e3 99. Bxe3 Ke4 100. Bf2 Bd1 101. Kg2 Bf3+ 102. Kf1 Be7 103. Ke1 Bf6 104. Kd2 Bxd4 105. Bxd4 Kxd4 106. Nc2+ Ke4 107. Ne3 b5 108. Nc2 d4 109. Nb4 Bg2 110. Ke2 d3+ 111. Kf2 d2 112. Ke2 Bh3 113. Nc2 Kf5 114. Nd4+ Ke4 115. Nxb5 Bg2 116. Nc3+ Kd4 117. Kxd2 Bc6 118. Ne2+ Ke4 119. Ng1 Bb5 120. Ne2 Kf3 121. Nd4+ Kxg3 122. Nxb5 Kf2 123. Nd4 g3 124. Ne2 g2 125. f5 Kf1 126. f6 c3+ 127. bxc3 Kf2 128. f7 Kf3 129. f8=Q+ Kg4 130. Qg7+ Kh3 131. Qg3# 1-0

[Event "Early-Titled-Tuesday-Blitz-January-30-2024"]
[Site "Chess.com"]
[Date "2024.01.30"]
[Round "8"]
[White "Chessdreamer2020"]
[Black "chessdjw"]
[Result "1/2-1/2"]
[WhiteElo "2561"]
[BlackElo "2731"]
[TimeControl "180+1"]
[EndTime "9:34:29 PST"]
[Termination "Game drawn by 50-move rule"]

1. e4 c5 2. Nf3 Nc6 3. Bb5 g6 4.
O-O Bg7 5. c3 Nf6 6. Qa4 O-O 7. d4 cxd4 8. cxd4 a6 9. Nc3 Ra7 10.
Bxc6 dxc6 11. h3 Be6 12. Be3 Ra8 13. Rfd1 Rc8 14. Qb4 Qc7 15. Rac1 a5 16. Qa3 Qd6 17. Qxa5 Ra8 18. Qg5 h6 19. Qh4 g5 20. Bxg5 hxg5 21. Nxg5 Qb4 22. e5 Bf5 23. exf6 exf6 24. Nge4 Qxb2 25. Nxf6+ Bxf6 26. Qxf6 Bg6 27. f4 Ra5 28. d5 Rxa2 29. Qg5 Ra3 30. Ne4 cxd5 31. Nf6+ Kg7 32. Nh5+ Kh7 33. f5 Qb6+ 34. Kh1 Bxh5 35. Qxh5+ Qh6 36.
Qxh6+ Kxh6 37. Rxd5 f6 38. Rc7 Rb3 39. Rdd7 Kg5 40.
Rd5 b5 41. Rg7+ Kf4 42. Rg4+ Ke3 43. Kh2 Rb2 44. Rd6 b4 45. Rb6 b3 46. Rxb3+ Rxb3 47. Rg3+ Kf4 48. Rxb3 Kxf5 49. Rf3+ Kg6 50. Kg3 Ra8 51.
Rf4 Ra2 52. Rf2 Ra3+ 53. Kh4 Ra4+ 54. g4 Ra3 55. Rf5 Rb3 56. Rc5 Ra3 57. Rc6 Rb3 58. Rc8 Ra3 59. Rg8+ Kh7 60. Rd8 Kg6 61. Rd5 Rb3 62. Rd2 Ra3 63. Rg2 Ra8 64. Kg3 Ra3+ 65. Kh4 Rb3 66. Rg3 Rb8 67. Rf3 Rb1 68. Kg3 Rb4 69.
h4 Ra4 70. Re3 Rb4 71. Re6 Kf7 72. Rd6 Rb3+ 73. Kf4 Rb4+ 74. Kf3 Ra4 75. Rd5 Kg6 76. Rd6 Ra3+ 77. Ke4 Ra4+ 78. Rd4 Ra1 79. Rd5 Ra4+ 80. Kf3 Ra3+ 81. Kf4 Ra4+ 82. Kg3 Ra3+ 83. Kf2 Rb3 84. Rd4 Ra3 85. Re4 Rb3 86. Re3 Rb1 87.
Kf3 Rb4 88. Re4 Rb1 89. Rd4 Rb3+ 90. Kf4 Rb1 91. h5+ Kg7 92. Kf5 Rb5+ 93. Ke6 Re5+ 94.
Kd6 Re1 95. Rf4 Re2 96. Kd5 Re1 97. Re4 Ra1 98. Ke6 Ra6+ 99. Kd7 Ra7+ 100. Ke8 Ra8+ 101.
Ke7 Ra7+ 102. Ke6 Ra6+ 103. Kf5 Ra5+ 104. Kf4 Rb5 105. Re7+ Kh6 106. Re6 Kg7 107. Rd6 Ra5 108. Ke4 Re5+ 109. Kf4 Ra5 110. Re6 Rb5 111. Re4 Ra5 112. Rd4 Rb5 113. Ke4 Re5+ 114. Kf4 Ra5 115. Re4 Rb5 116. Ra4 Rc5 117. Kg3 Rb5 118. Kh4 Rb1 119. Rf4 Rh1+ 120. Kg3 Rg1+ 121. Kf3 Ra1 122. Re4 Ra3+ 123. Kg2 Rb3 124. Rf4 Rc3 125. Rf3 Rc4 126. Kg3 Rb4 127. Kh4 Rb1 128. Rh3 Rb4 129. Kg3 Rb3+ 130. Kg2 Rb2+ 131. Kg3 Rb3+ 132. Kh4 Rb1 133. Rh2 Rb3 134. Rd2 Rb1 135. Rd7+ Kh6 136. Rd3 Rh1+ 137. Rh3 Rf1 138. Re3 Rh1+ 139. Kg3 Ra1 140. Rf3 Kg7 141. Rb3 1/2-1/2

[Event "Early-Titled-Tuesday-Blitz-January-30-2024"]
[Site "Chess.com"]
[Date "2024.01.30"]
[Round "8"]
[White "Msb2"]
[Black "josmito10"]
[Result "1/2-1/2"]
[WhiteElo "3005"]
[BlackElo "2782"]
[TimeControl "180+1"]
[EndTime "9:35:20 PST"]
[Termination "Game drawn - insufficient material"]

1. d4 e6 2. c4 d5 3. Nc3 a6 4. e4 dxc4 5. Bxc4 b5 6. Bb3 Bb7 7. d5 exd5 8. Bxd5 Bxd5 9. exd5 Nf6 10. Bg5 Be7 11. Nf3 O-O 12. O-O b4 13. Na4 Nxd5 14. Bxe7 Nxe7 15. Rc1 Nbc6 16. Qb3 Qd6 17. Rfd1 Qf6 18.
h3 Rfd8 19. Nc5 a5 20. Nd7 Qe6 21. Qxe6 fxe6 22. Ng5 h6 23. Nxe6 Rdc8 24. Nd4 Nxd4 25. Rxd4 Ra6 26. Nc5 Rd6 27. Rdc4 Rd2 28. R4c2 Rxc2 29.
Rxc2 Rd8 30. Ne6 Rd1+ 31. Kh2 c6 32. b3 Ra1 33. Nc5 Nd5 34. Nb7 Nc3 35. Nxa5 c5 36.
Nb7 c4 37. bxc4 Nxa2 38. c5 Nc3 39. c6 Nd5 40. Nc5 Ra3 41. Ne6 Rc3 42. Rxc3 bxc3 43. Nd4 Kf7 44. Kg3 Ke7 45. Kf3 Kd6 46. Ke4 Nb4 47. Nb5+ Kxc6 48. Nxc3 Kd7 49. Kf5 Ke8 50. Ke4 Kf7 51. Nd5 Nc6 52. Ne3 Na5 53. Kd5 Nb3 54.
Nc4 Nc1 55. Ne5+ Kf8 56. Kc4 Ne2 57. Nd3 Kf7 58. Kd5 Kf6 59. Ke4 Nc3+ 60. Kd4 Ne2+ 61.
Ke3 Nc3 62. Nf4 g5 63. Ne2 Nd5+ 64. Ke4 Ne7 65. Nd4 Nc8 66. Nf5 Kg6 67. g4 Nb6 68. Ke5 Nc4+ 69. Kd4 Nd2 70. Ke3 Nc4+ 71. Kd3 Ne5+ 72. Ke4 Nc4 73. Ng3 Nd2+ 74. Ke3 Nc4+ 75. Kd4 Nd2 76. Ke3 Nc4+ 77. Kd3 Ne5+ 78. Ke4 Nc4 79.
Ne2 Nd2+ 80. Ke3 Nc4+ 81. Kd3 Ne5+ 82. Ke4 Nc4 83. f4 gxf4 84. Kxf4 Nb6 85. Nc3 Nc4 86. Nd5 Nb2 87. Ne7+ Kg7 88. Nf5+ Kg6 89. h4 Nd3+ 90. Ke4 Nf2+ 91. Kf3 Nd3 92. Ke3 Ne5 93. Kf4 Nd3+ 94. Ke4 Nf2+ 95. Kf3 Nd3 96. Ng3 Ne5+ 97. Kf4 Nd3+ 98.
Ke4 Nf2+ 99. Kf3 Nd3 100. Ne2 Ne5+ 101. Kf4 Nd3+ 102. Ke4 Nc5+ 103. Kd4 Nb3+ 104. Ke5 Nd2 105. Nf4+ Kg7 106. Ne6+ Kg6 107. h5+ Kf7 108. Kf5 Nf3 109. Nd8+ Kg7 110. Kf4 Nd4 111. Ke4 Nb5 112. Ke5 Nc3 113. Ne6+ Kf7 114. Nd8+ Kg7 115. Nc6 Nd1 116. Ne7 Nf2 117. Nf5+ Kh7 118. Kf4 Nd3+ 119. Ke4 Nf2+ 120. Kf3 Nd3 121. Nh4 Ne5+ 122. Kf4 Nd3+ 123. Kf5 Kg7 124. Ke6 Nf2 125. Nf5+ Kh7 126. Ne3 Kg7 127. Ke7 Nd3 128. Nf5+ Kh7 129. Kf6 Nf2 130. Ne3 Ne4+ 131. Kf7 Nd6+ 132. Ke7 Ne4 133. Nd5 Ng5 134. Kf6 Ne4+ 135. Kf7 Ng5+ 136. Kf8 Ne6+ 137. Ke7 Ng5 138. Nf4 Ne4 139. Nd5 Nf2 140. Nf6+ Kg7 141. Ke6 Nd3 142. Ne8+ Kh7 143. Kf7 Ne5+ 144. Kf6 Nxg4+ 145. Kf5 Ne3+ 146. Ke6 Nf1 147. Nf6+ Kg7 148. Ne8+ Kf8 149. Nf6 Ng3 150. Ke5 Kf7 151. Ng4 Kg7 152. Nxh6 Nxh5 1/2-1/2

[Event "Early-Titled-Tuesday-Blitz-January-30-2024"]
[Site "Chess.com"]
[Date "2024.01.30"]
[Round "9"]
[White "secrethawk1"]
[Black "mertfelin"]
[Result "1-0"]
[WhiteElo "2453"]
[BlackElo "2278"]
[TimeControl "180+1"]
[EndTime "9:43:37 PST"]
[Termination "secrethawk1 won by resignation"]

1. d4 d5 2. Bf4 Nf6 3. e3 e6 4.
Nf3 c5 5. c3 Nc6 6. Nbd2 cxd4 7. exd4 Nh5 8. Bg5 f6 9. Be3 Bd6 10. Bb5 O-O 11. O-O Ne7 12. Nb3 Nf5 13. g4 1-0

[Event "Early-Titled-Tuesday-Blitz-January-30-2024"]
[Site "Chess.com"]
[Date "2024.01.30"]
[Round "9"]
[White "topce"]
[Black "cristianserban1"]
[Result "1-0"]
[WhiteElo "2413"]
[BlackElo "2566"]
[TimeControl "180+1"]
[EndTime "9:44:22 PST"]
[Termination "topce won by resignation"]

1. e4 g6 2. d4 Bg7 3. Nc3 c6 4. Nf3 d5 5. h3 dxe4 6. Nxe4 Nf6 7. Bd3 O-O 8. O-O Qc7 9. Re1 b6 10. Bg5 Bb7 11. Qd2 Nbd7 12. Bh6 Rfe8 13. Bxg7 Kxg7 14. Neg5 Rad8 15. Nxf7 Kxf7 16. Ng5+ Kg8 17. Bc4+ Nd5 18. Ne6 Qd6 19. Qh6 1-0

[Event "Early-Titled-Tuesday-Blitz-January-30-2024"]
[Site "Chess.com"]
[Date "2024.01.30"]
[Round "9"]
[White "Smile2005"]
[Black "ritanovikova"]
[Result "1-0"]
[WhiteElo "2454"]
[BlackElo "2200"]
[TimeControl "180+1"]
[EndTime "9:44:39 PST"]
[Termination "Smile2005 won by resignation"]

1. e4 d5 2. exd5 Qxd5 3. Nf3 Nf6 4. Be2 Bf5 5. d4 e6 6. c3 c5 7. O-O Nc6 8. dxc5 Bxc5 9. Qxd5 Nxd5 10. Bb5 Ne7 11.
Nbd2 O-O 12. Nb3 Bb6 13. Re1 Rad8 14. Bxc6 Nxc6 15. Be3 Bc7 16. Nfd4 Nxd4 17. Nxd4 Bd3 18. Rad1 Ba6 19. g3 b6 20. Nc6 Rxd1 21. Rxd1 Bc4 22.
b3 Bd5 23. Ne7+ Kh8 24. Nxd5 e5 25. Nxc7 1-0

[Event "Early-Titled-Tuesday-Blitz-January-30-2024"]
[Site "Chess.com"]
[Date "2024.01.30"]
[Round "9"]
[White "flomarechot"]
[Black "PawnEatingZombie"]
[Result "1-0"]
[WhiteElo "2346"]
[BlackElo "2160"]
[TimeControl "180+1"]
[EndTime "9:44:44 PST"]
[Termination "flomarechot won by resignation"]

1. Nf3 Nf6 2. b3 g6 3. Bb2 Bg7 4. e3 O-O 5. d4 d6 6. Be2 e5 7. dxe5 Nfd7 8. c4 Nc6 9. O-O Ndxe5 10. Nc3 a5 11. Qd2 Be6 12. Rfd1 Qb8 13. Nd4 Bd7 14.
Ndb5 Re8 15. Nd5 Rc8 16. f4 Ng4 17. Bxg7 Kxg7 18. Qb2+ f6 19. Bxg4 1-0

[Event "Early-Titled-Tuesday-Blitz-January-30-2024"]
[Site "Chess.com"]
[Date "2024.01.30"]
[Round "9"]
[White "amintabatabaei"]
[Black "Kiborg95"]
[Result "1-0"]
[WhiteElo "2950"]
[BlackElo "2861"]
[TimeControl "180+1"]
[EndTime "9:45:01 PST"]
[Termination "amintabatabaei won by resignation"]

1. d4 d6 2. e4 Nf6 3. Nc3 e5 4. dxe5 dxe5 5. Qxd8+ Kxd8 6. Bc4 Ke8 7. Nf3 Bd6 8. h3 Nbd7 9. Be3 a6 10. a4 h6 11.
Nd2 b6 12. Nb3 Bb7 13. f3 Ke7 14. O-O-O Rhb8 15. g4 Bc6 16. h4 b5 17. Na5 Bb7 18.
Nxb7 Rxb7 19. Nd5+ Ke8 20. Bb3 Bc5 21. Nxf6+ 1-0

[Event "Early-Titled-Tuesday-Blitz-January-30-2024"]
[Site "Chess.com"]
[Date "2024.01.30"]
[Round "9"]
[White "Msb2"]
[Black "GMRAVEN_ON_YOUTUBE"]
[Result "1-0"]
[WhiteElo "3009"]
[BlackElo "2785"]
[TimeControl "180+1"]
[EndTime "9:45:27 PST"]
[Termination "Msb2 won by resignation"]

1. d4 f5 2. c4 Nf6 3. Nf3 g6 4. e3 Bg7 5. b4 O-O 6. Be2 d6 7. Bb2 Qe8 8. O-O e5 9. dxe5 Ng4 10. Nc3 dxe5 11. Nd5 Qd8 12. h3 c6 13. hxg4 fxg4 14. Nxe5 cxd5 15. Qxd5+ Qxd5 16. cxd5 Na6 17. a3 Nc7 18. d6 Nd5 19. Rad1 Nb6 20. Ba1 Be6 21. Bxg4 Bxg4 22. Nxg4 Bxa1 23. Rxa1 Rad8 24. Rfd1 Nc4 25.
d7 Rf7 26. Nh6+ Kf8 27. Nxf7 Kxf7 28. Rac1 1-0

[Event "Early-Titled-Tuesday-Blitz-January-30-2024"]
[Site "Chess.com"]
[Date "2024.01.30"]
[Round "9"]
[White "MoreChessJulia"]
[Black "AnaKuchava"]
[Result "0-1"]
[WhiteElo "2074"]
[BlackElo "2207"]
[TimeControl "180+1"]
[EndTime "9:45:30 PST"]
[Termination "AnaKuchava won by resignation"]

1. d4 d5 2. c4 e6 3. Nc3 Be7 4. cxd5 exd5 5. Bf4 c6 6. e3 Bf5 7. g4 Be6 8. h3 Nd7 9. Bd3 h5 10. f3 hxg4 11. fxg4 Ngf6 12. g5 Nh5 13. g6 Bh4+ 14.
Kd2 Nxf4 15. exf4 Qf6 16. Nge2 fxg6 17. Rg1 Bf5 18. Qc2 O-O-O 19. Raf1 Kb8 20. Bxf5 gxf5 21.
Nc1 Qxd4+ 22. Nd3 Nc5 23. Ne2 Ne4+ 24. Kc1 Qe3+ 25. Kb1 Nd2+ 0-1

[Event "Early-Titled-Tuesday-Blitz-January-30-2024"]
[Site "Chess.com"]
[Date "2024.01.30"]
[Round "9"]
[White "HanSchut"]
[Black "maurovargas01"]
[Result "0-1"]
[WhiteElo "2241"]
[BlackElo "1859"]
[TimeControl "180+1"]
[EndTime "9:45:43 PST"]
[Termination "maurovargas01 won by checkmate"]

1. e4 d5 2. exd5 Qxd5 3. Nc3 Qa5 4. d4 c6 5. Bd2 Qc7 6. Bc4 Nf6 7. Qe2 Bf5 8. O-O-O e6 9. f3 Bd6 10. g4 Bg6 11. h4 h6 12. Nh3 Nbd7 13. Bxe6 fxe6 14. Qxe6+ Kd8 15. h5 Re8 16. Qb3 Bh7 17. g5 Bg8 18.
Qa4 Nb6 19. Qa5 hxg5 20. Nxg5 Nc4 21. Qxc7+ Kxc7 22. Nge4 Nxd2 23. Kxd2 Bf4+ 24. Kd3 b5 25. a3 Bc4# 0-1

[Event "Early-Titled-Tuesday-Blitz-January-30-2024"]
[Site "Chess.com"]
[Date "2024.01.30"]
[Round "9"]
[White "jcibarra"]
[Black "Grischuk"]
[Result "1/2-1/2"]
[WhiteElo "2881"]
[BlackElo "3069"]
[TimeControl "180+1"]
[EndTime "9:45:48 PST"]
[Termination "Game drawn by repetition"]

1. e4 e5 2. Nf3 Nc6 3. Nc3 Nf6 4. h3 Bb4 5. Nd5 Nxd5 6. exd5 e4 7. dxc6 exf3 8. Qxf3 dxc6 9. Bc4 O-O 10. O-O Qd7 11.
d3 Qf5 12. Qxf5 Bxf5 13. Bf4 Bd6 14. Bd2 Rfe8 15. Rfe1 Kf8 16. a4 Rxe1+ 17. Rxe1 Re8 18. Rxe8+ Kxe8 19. g4 Bd7 20. Kg2 Ke7 21. f4 f5 22. g5 b5 23. Bb3 Be6 24. Bxe6 Kxe6 25.
b3 a6 26. c4 g6 27. Kf3 Bc5 28. Bc3 Bd6 29. Bd4 Be7 30. Bc3 Bd6 31. Bd4 Be7 32. Bc3 Bd6 1/2-1/2

[Event "Early-Titled-Tuesday-Blitz-January-30-2024"]
[Site "Chess.com"]
[Date "2024.01.30"]
[Round "9"]
[White "ural58"]
[Black "Sajith_Peiris"]
[Result "1-0"]
[WhiteElo "2452"]
[BlackElo "2264"]
[TimeControl "180+1"]
[EndTime "9:45:49 PST"]
[Termination "ural58 won by resignation"]

1. e4 c6 2. Nc3 d5 3. Nf3 Bg4 4. h3 Bxf3 5. Qxf3 e6 6. b3 Nf6 7. e5 Nfd7 8. Qg3 Qc7 9. f4 g6 10. h4 h5 11. Bb2 Bg7 12. O-O-O b5 13. Bd3 Nf8 14. Rde1 a5 15. f5 exf5 16. Bxf5 a4 17. Bh3 axb3 18. axb3 Na6 19. Rhf1 Nb4 20. Qf4 Ne6 21.
Qxb4 1-0

[Event "Early-Titled-Tuesday-Blitz-January-30-2024"]
[Site "Chess.com"]
[Date "2024.01.30"]
[Round "9"]
[White "tuschessCM1"]
[Black "thesupera12"]
[Result "1-0"]
[WhiteElo "2678"]
[BlackElo "2538"]
[TimeControl "180+1"]
[EndTime "9:45:55 PST"]
[Termination "tuschessCM1 won by resignation"]

1. c4 b6 2. Nf3 Bb7 3. e3 g6 4.
g3 Bg7 5. Bg2 Nf6 6. O-O O-O 7.
Nc3 c5 8. d4 cxd4 9. Nxd4 Bxg2 10. Kxg2 d5 11. cxd5 Nxd5 12. Qf3 e6 13. Nxd5 Qxd5 14.
Qxd5 exd5 15. Rd1 Nd7 16. Nb5 Nf6 17. Bd2 Ne4 18. Bb4 Rfd8 19. Nc7 Bxb2 20. Rab1 Bf6 21.
Nxa8 Rxa8 22. Rxd5 Rc8 23. Kf3 Ng5+ 24. Ke2 Rc4 25.
Be1 Ra4 26. Rd2 Ne4 27. Rc2 Nc5 28. Bb4 Ne4 29. Rc8+ Kg7 30. Bf8+ Kg8 31. Bh6+ 1-0

[Event "Early-Titled-Tuesday-Blitz-January-30-2024"]
[Site "Chess.com"]
[Date "2024.01.30"]
[Round "9"]
[White "ChainedDowntohell"]
[Black "wild3000"]
[Result "1-0"]
[WhiteElo "2573"]
[BlackElo "2378"]
[TimeControl "180+1"]
[EndTime "9:46:00 PST"]
[Termination "ChainedDowntohell won by resignation"]

1. d4 Nf6 2. c4 b6 3. f3 Bb7 4. e4 e6 5. a3 d5 6. cxd5 exd5 7. e5 Nfd7 8. Nc3 c5 9. Be3 cxd4 10. Bxd4 Bc5 11. Bxc5 Nxc5 12. Bb5+ Kf8 13. Nge2 Nbd7 14. Bxd7 Qxd7 15. O-O h5 16. Nd4 h4 17. h3 Re8 18.
f4 Ne4 19. Qd3 Ng3 20. Rfe1 Rh6 21. Rad1 Qc7 22. Ncb5 Qb8 23. Nd6 Rxd6 24. exd6 Rxe1+ 25.
Rxe1 Qxd6 26. Qh7 Ne4 27. Qh8+ Ke7 28. Nf5+ 1-0

[Event "Early-Titled-Tuesday-Blitz-January-30-2024"]
[Site "Chess.com"]
[Date "2024.01.30"]
[Round "9"]
[White "MBA_CHESS_2021"]
[Black "Balla_Tamas"]
[Result "0-1"]
[WhiteElo "2247"]
[BlackElo "2420"]
[TimeControl "180+1"]
[EndTime "9:46:07 PST"]
[Termination "Balla_Tamas won by checkmate"]

1. e4 c5 2. Nf3 Nc6 3. d4 cxd4 4. Nxd4 e5 5. Nb5 d6 6. c4 Be7 7. N1c3 a6 8. Na3 f5 9. Bd3 f4 10. Nd5 Nh6 11. g3 O-O 12. Qc2 Nd4 13. Qc3 Nf3+ 14.
Kd1 Bg4 15. h3 fxg3 16. hxg4 g2 17. Rf1 gxf1=Q+ 18. Bxf1 Nxg4 19. Be3 Bg5 20. Kc2 Bxe3 21. fxe3 Rc8 22. Rd1 b5 23. Kb1 bxc4 24. Bxc4 Kh8 25. Rh1 Nf2 26. Rf1 Nxe4 27. Qd3 Nfd2+ 28. Ka1 Rxf1+ 29.
Qxf1 Nxf1 30. b3 Nfd2 31. Bd3 Qa5 32. Kb2 Nc3 33. Ne7 Nd1+ 34. Ka1 Qc3# 0-1

[Event "Early-Titled-Tuesday-Blitz-January-30-2024"]
[Site "Chess.com"]
[Date "2024.01.30"]
[Round "9"]
[White "averageFM"]
[Black "LileKoridze"]
[Result "1-0"]
[WhiteElo "2573"]
[BlackElo "2378"]
[TimeControl "180+1"]
[EndTime "9:46:15 PST"]
[Termination "averageFM won by resignation"]

1. d4 Nf6 2. Nc3 d5 3. e4 Nxe4 4. Nxe4 dxe4 5. Be3 e6 6. Ne2 g6 7. Nc3 f5 8. d5 Bg7 9. Bd4 O-O 10. Bxg7 Kxg7 11. Bc4 e5 12. Qd2 Nd7 13. h4 h5 14.
O-O-O Nb6 15. Bb3 Qf6 16. Nb5 c6 17. dxc6 Qxc6 18. Qb4 Be6 19. Rd6 Nd5 20. Bxd5 1-0

[Event "Early-Titled-Tuesday-Blitz-January-30-2024"]
[Site "Chess.com"]
[Date "2024.01.30"]
[Round "9"]
[White "Iskusnyh"]
[Black "MathiasWomacka"]
[Result "1-0"]
[WhiteElo "2672"]
[BlackElo "2528"]
[TimeControl "180+1"]
[EndTime "9:46:17 PST"]
[Termination "Iskusnyh won by resignation"]

1. d4 Nf6 2. c4 e6 3. g3 c5 4.
Nf3 cxd4 5. Nxd4 Qc7 6. Nd2 Nc6 7. Nb5 Qb6 8. Bg2 d5 9. O-O dxc4 10. a4 Na5 11. b4 cxb3 12. Nxb3 Nxb3 13. Qxb3 Bd7 14. Be3 Qa5 15. Rac1 Bxb5 16. axb5 Bd6 17. Bxb7 Rb8 18.
Bc6+ Ke7 19. Ra1 1-0

[Event "Early-Titled-Tuesday-Blitz-January-30-2024"]
[Site "Chess.com"]
[Date "2024.01.30"]
[Round "9"]
[White "Baby_Legs"]
[Black "garfield_pg"]
[Result "0-1"]
[WhiteElo "2624"]
[BlackElo "2479"]
[TimeControl "180+1"]
[EndTime "9:46:19 PST"]
[Termination "garfield_pg won by resignation"]

1. d4 d5 2. Nf3 e6 3. e3 Nf6 4. Bd3 Be7 5. b3 O-O 6. Bb2 b6 7. Nbd2 Bb7 8. Ne5 Nbd7 9. Qf3 c5 10. Qh3 h6 11. f4 cxd4 12. exd4 Ne4 13. Nxe4 dxe4 14.
Bc4 Nxe5 15. fxe5 b5 16. Be2 Rc8 17. c3 Bh4+ 18. g3 Bg5 19. Qg2 Bd2+ 20. Kf1 Bxc3 21. Bxb5 Qxd4 22. Bxc3 Rxc3 23. Re1 Rf3+ 24. Ke2 Qb2+ 25.
Kd1 Rd8+ 0-1

[Event "Early-Titled-Tuesday-Blitz-January-30-2024"]
[Site "Chess.com"]
[Date "2024.01.30"]
[Round "9"]
[White "Talent-OF-Slovenia"]
[Black "blitzking1729"]
[Result "0-1"]
[WhiteElo "2476"]
[BlackElo "2696"]
[TimeControl "180+1"]
[EndTime "9:46:22 PST"]
[Termination "blitzking1729 won by resignation"]

1. e4 d6 2. d4 Nf6 3. Nc3 e5 4. dxe5 dxe5 5. Qxd8+ Kxd8 6. Bc4 Be6 7. Bxe6 fxe6 8.
Bg5 Bd6 9. O-O-O Ke7 10. Bxf6+ gxf6 11. f3 a6 12. Nge2 Nc6 13. a3 Rhg8 14. g3 b5 15. Rd3 Rgb8 16. Na2 a5 17. Rhd1 h5 18. Kb1 h4 19. g4 a4 20. c3 Na5 21. Nb4 Rb6 22. Ng1 Ra7 23. Nh3 c5 24. Nc2 b4 25.
cxb4 cxb4 26. axb4 Bxb4 27. Ka2 Rab7 28. Ne3 Bc5 29.
R1d2 Bxe3 30. Rxe3 Nc4 0-1

[Event "Early-Titled-Tuesday-Blitz-January-30-2024"]
[Site "Chess.com"]
[Date "2024.01.30"]
[Round "9"]
[White "BardArtem"]
[Black "Grossboss19"]
[Result "1-0"]
[WhiteElo "2782"]
[BlackElo "2607"]
[TimeControl "180+1"]
[EndTime "9:46:27 PST"]
[Termination "BardArtem won by resignation"]

1. e4 c6 2. Nf3 d5 3. exd5 cxd5 4. Ne5 Nc6 5. d4 e6 6. c3 Bd6 7. f4 Nf6 8. Bd3 O-O 9. Nd2 Ne7 10. O-O b6 11.
Rf3 Bb7 12. Rh3 g6 13. Qf3 h5 14. Nf1 Nf5 15. Ng3 Nxg3 16. Rxg3 h4 17. Rg5 Ne4 18. Rg4 Kg7 19. f5 exf5 20. Qxf5 Qf6 21.
Bxe4 dxe4 22. Bh6+ 1-0